AoeStats
← outlaw182

Arabia

508780100Analyzed
1v1 RM · 9d ago on Sep 24, 2026· 27m 21s· 2 players
Game mode
Random Map
Map size
Tiny (2 player)
Population
200
Speed
Normal
Resources
Standard
Victory
Conquest
Starting age
Dark Age
Ending age
Imperial Age
RankedLock teamsTeams togetherTeam positionsShared explorationLock speedFull tech treeHidden civsTurbo modeCheats
Victory
Defeat
🇺🇸 Mongols · United States
1037
+15
🇲🇽 Khmer · Mexico
1023
-15
outlaw182
4:36 Loom
10:55 Feudal Age
12:58 Town Watch
15:20 Town Watch
15:24 Double-Bit Axe
25:35 Castle Age
24:22 Forging
24:14 Scale Mail Armor
25:39 Pikeman
26:53 Chain Mail Armor
27:44 Iron Casting
deadshot1000
7:18 Loom
9:46 Feudal Age
10:23 Double-Bit Axe
19:18 Castle Age
17:41 Gold Mining
18:20 Bloodlines
18:21 Scale Barding Armor
20:13 Wheelbarrow
20:19 Chain Barding Armor
23:54 Horse Collar
25:10 Husbandry
26:38 Bow Saw
Connection lost

Rejoining the realm…

Still unreachable

The connection could not be restored.

Session expired

The server has moved on; the page needs a fresh start.